 Dungeon Crawl Stone Soup version 0.30.1-4-g462c640d31 (webtiles) character file.

Game seed: 15230359263191371852

2 Cheops the Caller (level 1, -1/14 HPs)
             Began as a Draconian Summoner on Sept 10, 2023.
             Slain by an endoplasm (2 damage)
             ... on level 1 of the Dungeon.
             The game lasted 00:00:56 (251 turns).

Cheops the Caller (Draconian Summoner)               Turns: 251, Time: 00:00:57

Health: -1/14      AC:  4    Str: 10    XL:     1   Next: 33%
Magic:  2/3        EV: 12    Int: 15    God:
Gold:   0          SH:  0    Dex: 11    Spells: 3/4 levels left

rFire   . . .        a - +0 dagger
rCold   . . .        (no shield)
rNeg    . . .        (body armour unavailable)
rPois   .            (helmet restricted)
rElec   .            (no cloak)
rCorr   .            (no gloves)
SInv    .            (no boots)
Will    .....        (no amulet)
Stlth   ++           (no ring)
HPRegen 0.22/turn    (no ring)
MPRegen 0.08/turn

%: no passive effects
@: slowed, very slow
A: AC +4, unfitting armour, cold-blooded
a: no special abilities


You were on level 1 of the Dungeon.
You visited 1 branch of the dungeon, and saw 1 of its levels.

Inventory:

Hand Weapons
 a - a +0 dagger (weapon)
Scrolls
 b - a scroll of enchant armour {unknown}
Potions
 c - a potion of magic


   Skills:
 - Level 1.7 Dodging
 - Level 1.7 Stealth
 + Level 2.2 Spellcasting
 - Level 4.0 Summonings


You had 3 spell levels left.
You knew the following spells:

 Your Spells              Type           Power      Damage    Failure   Level
m - Summon Small Mammal   Summ           52%        N/A       4%          1

Your spell library contained the following spells:

 Spells                   Type           Power      Damage    Failure   Level
 Call Imp                 Summ           26%        N/A       6%          2
 Call Canine Familiar     Summ           13%        N/A       13%         3
 Summon Guardian Golem    Hex/Summ       7%         N/A       28%         3
 Summon Lightning Spire   Summ/Air       7%         N/A       67%         4


Dungeon Overview and Level Annotations

Branches:
Dungeon (1/15)

Altars:


Innate Abilities, Weirdness & Mutations

Your plain brown scales are hard. (AC +4)
You cannot fit into any form of body armour.
You are cold-blooded and may be slowed by cold attacks.


Message History

Found a stone staircase leading down.
A kobold is nearby!
A kobold is nearby!
A kobold is nearby!
The kobold shouts!
You hear an angry hiss.
The kobold throws a stone.
The stone barely misses you.
An endoplasm comes into view.
Casting: Summon Small Mammal (safe; 4% risk of failure)
Confirm with . or Enter, or press ? or * to list all spells.
Okay, then.
Casting: Summon Small Mammal (safe; 4% risk of failure)
Confirm with . or Enter, or press ? or * to list all spells.
The kobold hits you with a +0 short sword.
You closely miss the kobold.
The kobold hits you with a +0 short sword.
Your rat barely misses the kobold.
You miss the kobold. The kobold closely misses you.
Your rat completely misses the kobold.
You hit the kobold. You tail-slap the kobold.
The kobold is severely wounded.
The kobold hits you with a +0 short sword.
The endoplasm hits you.
* * * LOW HITPOINT WARNING * * *
Your rat completely misses the kobold.
You hit the kobold but do no damage.
The kobold is severely wounded.
The endoplasm jiggles.
The endoplasm freezes you.
You are frozen.
* * * LOW HITPOINT WARNING * * *
You feel yourself slow down. The kobold hits you but does no damage.
Your rat barely misses the kobold.
You barely miss the kobold.
The kobold is severely wounded.
The endoplasm misses you. The kobold closely misses you.
Your rat closely misses the kobold.
The kobold hits you with a +0 short sword.
* * * LOW HITPOINT WARNING * * *
The endoplasm hits you.
You die...

... # #.# .# #.# .# ###.#..#
#.. ##>#.#..# #.# .#.....#
#.# # #.#.#.## ##.##
#.###.#.#.######...###
###....@K.#.#...........
.......rJ.#.#.# ##...###
########..#.#.# #..†....
##..#.#.###.#.####
###...#..#....#.###
#.....###.#####...#
#.###.###.#######.##
#########.# #........###...#
..........###.###.##.##.....


You could see an endoplasm, a kobold (ally target) and a friendly rat
(summoned).

Vanquished Creatures
  A bat (D:1)
1 creature vanquished.

Vanquished Creatures (collateral kills)
  A goblin (D:1)
  A frilled lizard (D:1)
2 creatures vanquished.

Grand Total: 3 creatures vanquished

Notes
Turn   | Place    | Note
-------+----------+-------------------------------------------
     0 | D:1      | Cheops the Draconian Summoner began the quest for the Orb.
     0 | D:1      | Reached XP level 1. HP: 14/14 MP: 3/3
   251 | D:1      | Slain by an endoplasm

Illustrated notes

Levels and vault maps discovered:
D:1:      lightli_arrival_maybe_door_vault, layout_loops_ring, serial_shops,
          nicolae_square_shop, nrook_campfire

Action                     || total
---------------------------++-------
  Melee: Unarmed           ||    10
         Dagger            ||     5
         Tailslap          ||     2
   Cast: Summon Small Mamm ||     2
 Armour: Skin              ||     3
  Dodge: Dodged            ||     7
